 Dungeon Crawl Stone Soup version 0.30-a0-1066-g63dfefce0d (webtiles) character file.

Game seed: 7922545045482106784

70 Arzdou the Trooper (level 4, 0/40 HPs)
             Began as a Hill Orc Fighter on Apr 12, 2023.
             Slain by a sleepcap (16 damage)
             ... on level 3 of the Dungeon.
             The game lasted 00:02:11 (1126 turns).

Arzdou the Trooper (Hill Orc Fighter)               Turns: 1126, Time: 00:02:12

Health: 0/40       AC:  7    Str: 20    XL:     4   Next: 22%
Magic:  4/4        EV:  2    Int:  8    God:
Gold:   111        SH:  0    Dex: 10    Spells: 3/3 levels left

rFire   . . .      SeeInvis .    a - +0 war axe
rCold   . . .      Faith    .    c - +0 buckler
rNeg    . . .      Spirit   .    b - +0 scale mail
rPois   .          Reflect  .    (no helmet)
rElec   .          Rampage  .    (no cloak)
rCorr   .                        (no gloves)
Will    .....                    (no boots) Stlth
                                 (no amulet)
HPRegen 0.26/turn                (no ring)
MPRegen 0.09/turn                (no ring)

@: sleeping
A: no striking features
a: no special abilities


You were on level 3 of the Dungeon.
You visited 1 branch of the dungeon, and saw 3 of its levels.

You collected 111 gold pieces.

Inventory:

Hand Weapons
 a - a +0 war axe (weapon)
Armour
 b - a +0 scale mail (worn)
 c - a +0 buckler (worn)
Jewellery
 e - a +4 ring of slaying
 p - a +6 ring of intelligence
Scrolls
 f - a scroll of brand weapon {unknown}
 g - 5 scrolls of identify {unknown}
 h - 3 scrolls of teleportation {unknown}
 m - a scroll of enchant weapon {unknown}
 o - a scroll of immolation {unknown}
 q - a scroll of summoning {unknown}
Potions
 d - 2 potions of might
 i - 3 potions of degeneration {unknown}
 j - 3 potions of cancellation {unknown}
 k - 2 potions of haste {unknown}
 l - a potion of lignification {unknown}
 n - a potion of ambrosia {unknown}


   Skills:
 + Level 4.1 Fighting
 * Level 3.9 Axes
 + Level 3.9 Armour
 + Level 0.1 Dodging
 + Level 3.8 Shields


You had 3 spell levels left.
You didn't know any spells.
Your spell library contained the following spells:

 Spells                   Type           Power      Damage    Failure   Level
 Magic Dart               Conj           0%         1d3       85%         1
 Blink                    Tloc           0%         N/A       94%         2
 Call Imp                 Summ           0%         N/A       94%         2
 Lesser Beckoning         Tloc           0%         N/A       94%         2
 Momentum Strike          Conj/Tloc      0%         3d8       94%         2
 Mephitic Cloud           Conj/Pois/Air  0%         N/A       99%         3


Dungeon Overview and Level Annotations

Branches:
Dungeon (3/15)

Altars:

Shops:
D:1 (   D:2 !


Message History

The adder is heavily wounded.
The adder barely misses you. The adder bites you but does no damage.
You slash the adder!
You kill the adder!
No target in view!
i - 3 viscous purple potions (gained 1)
A rat comes into view.
A rat is nearby!
You hit the rat but do no damage. The rat bites you.
You hit the rat.
You kill the rat!
You see here a rat corpse.
Found an escape hatch in the ceiling.
There is an escape hatch in the ceiling here.
A sleepcap comes into view.
You hear the rusting of a very distant drain.
The sleepcap releases spores at you.
You are engulfed in a cloud of soporific spores!
You fall asleep.
The sleepcap releases spores at you but does no damage.
The sleepcap releases spores at you!!
You wake up.
Ouch! That really hurt!
You are too injured to fight recklessly!
You are too injured to fight recklessly!
You are too injured to fight recklessly!
Unknown command.
You are too injured to fight recklessly!
You hit the sleepcap.
The sleepcap is lightly damaged.
The sleepcap closely misses you. The sleepcap barely misses you.
You hit the sleepcap.
The sleepcap is moderately damaged.
You block the sleepcap's attack.
You slash the sleepcap!
The sleepcap is heavily damaged.
The sleepcap releases spores at you.
You are engulfed in a cloud of soporific spores!
You fall asleep.
The sleepcap releases spores at you!
You die...

#.#.#. #.... ....###
...... .†..# ###
....###.# ####....#
........# #######
####....# #..@f=# #
#....# #.##..# #
#....# #.# #...8
####....# #.# ##....
...#....######<# ...
...#.....†..##.# ..
...#...####.##.#######
.
...#####.............#
#### #......########


You could see a sleepcap.

Vanquished Creatures
  2 gnolls (D:2)
  An adder (D:3)
  A worm (D:2)
  A dart slug (D:1)
  An orc (D:3)
  3 ball pythons
  2 endoplasms (D:1)
  A giant cockroach (D:1)
  3 goblins (D:1)
  A hobgoblin (D:2)
  4 jackals
  4 kobolds
  2 quokkas (D:2)
  4 bats
  A frilled lizard (D:2)
  4 rats
35 creatures vanquished.

Notes
Turn   | Place    | Note
-------+----------+-------------------------------------------
     0 | D:1      | Arzdou the Hill Orc Fighter began the quest for the Orb.
     0 | D:1      | Reached XP level 1. HP: 19/19 MP: 1/1
    85 | D:1      | Reached XP level 2. HP: 27/27 MP: 2/2
   117 | D:1      | Found Lismyw's Antique Weapon Emporium.
   200 | D:1      | Reached skill level 4 in Fighting
   485 | D:2      | Found Muczol's Distillery.
   547 | D:1      | Reached XP level 3. HP: 30/33 MP: 3/3
   935 | D:3      | Reached XP level 4. HP: 40/40 MP: 4/4
  1126 | D:3      | Slain by a sleepcap

Illustrated notes

Levels and vault maps discovered:
D:1:      minmay_arrival_radiant_lines, layout_rooms, serial_shops,
          shop_fountains
D:2:      minmay_alternating_diamond, layout_rooms, serial_shops,
          nicolae_shop_statue_plus, minmay_misc_feat_chi
D:3:      layout_basic, gammafunk_ghost_smash, portal_sewer_entry_b,
          grunt_ministairs_13, minmay_joined_circles

Skill      XL: |  1  2  3 |
---------------+----------+-----
Fighting       | 4 |  4.1
Axes           | 3 |  3.9
Armour         | |  3.9
Dodging        | |  0.1
Shields        | |  3.8

Action                     |  1- 3 |  4- 6 || total
---------------------------+-------+-------++-------
  Melee: War axe           |    89 |    13 ||   102
 Armour: Scale mail        |    32 |     7 ||    39
  Dodge: Dodged            |    51 |     4 ||    55
  Block: Buckler           |    31 |     3 ||    34

Table legend: (Time is in decaauts)
 A = Elapsed time spent in this place.
 B = Non-inter-level travel time spent in this place.
 C = Inter-level travel time spent in this place.
 D = Time resting spent in this place.
 E = Time spent auto-exploring this place.
 F = Levels seen in this place.
 G = Mean time per level.
                   A        B        C        D        E       F      G
               +--------+--------+--------+--------+--------+-----+--------+
         Total |   1166 |   1153 |     13 |      0 |    867 |   3 |  388.7 |
       Dungeon |   1166 |   1153 |     13 |      0 |    867 |   3 |  388.7 |
               +--------+--------+--------+--------+--------+-----+--------+

Top non-repeatable levels by time:
     D:1: 514 daAuts
     D:2: 342 daAuts
     D:3: 309 daAuts
